 Dungeon Crawl Stone Soup version 0.31.0-7-gf635a9b802 (webtiles) character file.

Game seed: 748556962917098713

10651 Khashishi the Grappler (level 11, -5/120 HPs)
             Began as a Naga Shapeshifter on Jan 23, 2024.
             Was an Elder of Wu Jian.
             Slain by an ice devil (22 damage)
             ... on level 1 of the Lair of Beasts.
             The game lasted 00:59:32 (7969 turns).

Khashishi the Grappler (Naga Shapeshifter)          Turns: 7969, Time: 00:59:32

Health: -5/120     AC:  9    Str: 19    XL:     11   Next: 65%
Magic:  11/11      EV: 17    Int: 12    God:    Wu Jian [****..]
Gold:   696        SH:  0    Dex: 19    Spells: 10/10 levels left

rFire   + .          .
                       - Unarmed
rCold   . . .        (shield currently unavailable)
rNeg    . . .        x - melded +2 scale mail {rF+}
rPois   +            (helmet currently unavailable)
rElec   +            (cloak currently unavailable)
rCorr   .            (gloves currently unavailable)
SInv    +            (no barding)
Will    +....        (no amulet)
Stlth   ++++         e - +5 ring of evasion
HPRegen 0.40/turn    v - ring of Cuewkicvao {rElec rF+ Str-2 Dex+5}
MPRegen 0.12/turn

%: no passive effects
@: snake-form, hasted and slowed
A: constrict, boosted hp, AC +3, large, see invisible, (deformed body), (poison
resistance), (slowness 2), spit poison 1, (naga tail 1)
a: Spit Poison, Begin Untransformation, Renounce Religion, Wall Jump, Serpent's
Lash


You were on level 1 of the Lair of Beasts.
You worshipped Wu Jian.
Wu Jian was greatly pleased with you.
You were an enormous serpent.
You visited 3 branches of the dungeon, and saw 13 of its levels.

You collected 696 gold pieces.

Inventory:

Armour
 x - a +2 scale mail of fire resistance (melded)
Jewellery
 e - a +5 ring of evasion (left hand)
 m - a ring of protection from fire
 v - the ring of Cuewkicvao (right hand) {rElec rF+ Str-2 Dex+5}
   (You found it on level 5 of the Dungeon)

   [ring of protection from fire]

   Str-2:     It affects your strength (-2).
   Dex+5:     It affects your dexterity (+5).
   rF+:       It protects you from fire.
   rElec:     It insulates you from electricity.
Talismans
 k - a serpent talisman (active)
Wands
 l - a wand of flame (3)
 o - a wand of charming (9)
 A - a wand of mindburst (6)
Scrolls
 a - a scroll of teleportation
 d - 3 scrolls of revelation
 g - a scroll of torment {unknown}
 i - a scroll of amnesia {unknown}
 j - 2 scrolls of noise
 p - 2 scrolls of fear
 r - a scroll of fog {unknown}
 y - 2 scrolls of blinking {unknown}
 B - a scroll of immolation {unknown}
 C - a scroll of vulnerability {unknown}
Potions
 c - a potion of cancellation {unknown}
 f - a potion of curing
 n - a potion of berserk rage {unknown}
 s - a potion of haste
 t - a potion of attraction {unknown}
 w - a potion of mutation {unknown}


   Skills:
 - Level 7.0 Fighting
 - Level 5.0 Dodging
 + Level 6.8 Stealth
 + Level 11.2 Unarmed Combat
 + Level 1.7 Evocations
 + Level 10.1 Shapeshifting


You had 10 spell levels left.
You didn't know any spells.
Your spell library contained the following spells:

 Spells                   Type           Power      Damage    Failure   Level
 Hailstorm                Conj/Ice       0%         3d5       69%         3
 Stone Arrow              Conj/Erth      0%         3d7       69%         3
 Summon Ice Beast         Ice/Summ       0%         N/A       69%         3
 Volatile Blastmotes      Fire/Tloc      0%         2d10      69%         3
 Animate Armour           Summ/Erth      0%         N/A       97%         4
 Fulminant Prism          Conj/Alch      0%         3d5       97%         4
 Iskenderun's Mystic Bla  Conj/Tloc      0%         2d3       97%         4
 Sculpt Simulacrum        Ice/Alch       0%         N/A       100%        6
 Lehudib's Crystal Spear  Conj/Erth      0%         10d2      100%        8
 Chain Lightning          Conj/Air       0%         N/A       100%        9
 Fire Storm               Conj/Fire      0%         5d1       100%        9
 Shatter                  Erth           0%         3d5*      100%        9


Dungeon Overview and Level Annotations

Branches:
Dungeon (11/15)            Temple (1/1) D:4            Lair (1/5) D:8
    Orc: D:9-12

Altars:
Ashenzari
Cheibriados
Dithmenos
Elyvilon
Fedhas
Gozag
Kikubaaqudgha
Makhleb
Nemelex Xobeh
Okawaru
Ru
Sif Muna
Trog
Uskayaw
Vehumet
Wu Jian
Xom
Yredelemnul
Zin
The Shining One

Shops:
D:2 (

Portals:
Ice
Cave: Lair:1

Annotations:
D:8 3 runed translucent doors, Skitler's ghost, novice GrFi


Innate Abilities, Weirdness & Mutations

You are an enormous serpent.
You have a powerful constriction melee attack.
Your maximum health is increased.
Your armour is entirely melded.
You are incapable of wielding weapons or throwing items.
((Your serpentine skin is tough. (AC +3)))
You have supernaturally acute eyesight. (SInv)
((Armour fits poorly on your strangely shaped body.))
((Your system is resistant to poisons. (rPois)))
((You cover ground very slowly.))
You can spit poison.
((You have a snake-like lower body.))


Message History

As you read the scroll of identify, it crumbles to dust.
z - 2 potions of degeneration You drop 2 potions of degeneration.
You start resting.
You hear the faint crackling of a melting archway very nearby.
You start resting.
You hear the faint crackling of a melting archway very nearby.
You open the door.
An ice devil comes into view.
You open the door.
An ice devil comes into view.
Found a frozen archway.
You lunge at the ice devil.
You body-slam the ice devil!!
You grab the ice devil.
The ice devil is heavily wounded.
You constrict the ice devil, but do no damage.
The ice devil completely misses you.
There is an open door here.
You hit the ice devil but do no damage.
The ice devil is heavily wounded.
You constrict the ice devil, but do no damage.
The ice devil hits you! The ice devil freezes you!!
You feel yourself slow down.
You hit the ice devil but do no damage.
The ice devil is moderately wounded.
You constrict the ice devil, but do no damage.
The ice devil hits you. The ice devil freezes you!!
You feel as though you will be slow longer.
Okay, then.
Unknown command.
You feel yourself speed up.
You constrict the ice devil.
The ice devil barely misses you. x2; The ice devil hits you!
The ice devil freezes you!!
You feel as though you will be slow longer.
* * * LOW HITPOINT WARNING * * *
You release your grip on the ice devil.
The ice devil attacks as it pursues you!
The ice devil hits you!
* * * LOW HITPOINT WARNING * * *
The ice devil freezes you!!
You die...

.##. .........# ...#
##..#.##.......P# ...#
#.................##...###
..........................
....................†.....
......................##..
#.................#...# .
#........!.....^#...# ..
#......S........#...#...
#..#..4.............#...
##'#4###.......##....
#...# #............ ##.##
#........#... #.#
#..<....## ... ###.†.†..#
. .... #.†....## .. .....
###.##.†..#...


You could see 2 ice devils.

Vanquished Creatures
  An orc sorcerer (D:9)
  A gargoyle (D:11)
  An unseen horror (D:11)
  A rime drake (Lair:1)
  A troll (D:10)
  A hornet (D:7)
  22 yaks
  2 wyverns
  2 wraiths
  3 steam dragons
  A warg (D:8)
  2 acid dragons (D:9)
  5 water moccasins
  An orc warrior (D:8)
  A sky beast (D:8)
  An ice beast (D:7)
  2 black bears
  2 wolves (D:8)
  4 centaurs
  A kobold brigand (D:9)
  6 bullfrogs
  2 gnoll sergeants (D:9)
  12 wights (D:8)
  13 killer bees
  2 howler monkeys
  A bombardier beetle (D:5)
  A jelly (D:6)
  2 gnoll boudas
  3 hounds (D:5)
  10 orc priests
  2 iguanas
  11 orc wizards
  24 gnolls
  6 adders
  A white imp (D:7)
  A dart slug (D:2)
  A ribbon worm (D:4)
  36 orcs
  4 ball pythons
  4 bats (D:1)
  6 endoplasms
  2 giant cockroaches (D:4)
  6 goblins
  4 hobgoblins
  7 jackals (D:3)
  13 kobolds
  5 quokkas
  A frilled lizard (D:1)
  2 goblin skeletons (D:7)
  A goblin zombie (D:7)
  2 hobgoblin zombies (D:7)
  2 kobold skeletons (D:7)
  A kobold zombie (D:7)
  4 orc skeletons (D:7)
  4 rats
257 creatures vanquished.

Notes
Turn   | Place    | Note
-------+----------+-------------------------------------------
     0 | D:1      | Khashishi the Naga Shapeshifter began the quest for the
                  | Orb.
     0 | D:1      | Reached XP level 1. HP: 18/18 MP: 1/1
    75 | D:1      | Reached skill level 1 in Stealth
   119 | D:1      | Reached XP level 2. HP: 21/25 MP: 2/2
   499 | D:1      | Reached XP level 3. HP: 20/31 MP: 3/3
   912 | D:2      | Found Orum's Antique Weapon Shoppe.
  1468 | D:3      | Reached skill level 4 in Unarmed Combat
  1470 | D:3      | Reached XP level 4. HP: 35/38 MP: 4/4
  1784 | D:4      | Reached XP level 5. HP: 29/44 MP: 5/5
  1970 | D:3      | Noticed an ice beast
  2175 | D:4      | Found a sacrificial altar of Ru.
  2239 | D:5      | Entered Level 5 of the Dungeon
  2283 | D:4      | Found a staircase to the Ecumenical Temple.
  2293 | Temple   | Entered the Ecumenical Temple
  2312 | Temple   | Became a worshipper of the Wu Jian Council
  2461 | D:5      | Reached skill level 5 in Unarmed Combat
  2475 | D:5      | Reached XP level 6. HP: 42/51 MP: 6/6
  2754 | D:5      | Identified the ring of Cuewkicvao {rElec rF+ Str-2 Dex+5}
  2806 | D:5      | Reached skill level 5 in Shapeshifting
  2806 | D:5      | Reached XP level 7. HP: 44/57 MP: 7/7
  2941 | D:5      | Found a sparkling altar of Nemelex Xobeh.
  2946 | D:5      | Found a blossoming altar of Fedhas.
  2948 | D:5      | Found a radiant altar of Vehumet.
  3006 | D:5      | Reached skill level 6 in Unarmed Combat
  3349 | D:6      | Found an iron altar of Okawaru.
  3449 | D:6      | Noticed a yak
  3449 | D:6      | Noticed a yak
  3449 | D:6      | Noticed a yak
  3449 | D:6      | Noticed a yak
  3449 | D:6      | Noticed a yak
  3449 | D:6      | Noticed a yak
  3454 | D:6      | Killed a yak
  3455 | D:6      | Killed a yak
  3456 | D:6      | Reached XP level 8. HP: 57/69 MP: 8/8
  3459 | D:6      | Killed a yak
  3460 | D:6      | Killed a yak
  3460 | D:6      | Killed a yak
  3461 | D:6      | Reached skill level 7 in Unarmed Combat
  3462 | D:6      | Killed a yak
  3562 | D:7      | Found a bloodstained altar of Trog.
  3601 | D:7      | Noticed a wyvern
  3607 | D:7      | Killed a wyvern
  3608 | D:7      | Reached skill level 5 in Fighting
  3625 | D:7      | Reached XP level 9. HP: 52/81 MP: 9/9
  3748 | D:7      | Found an opulent altar of Gozag.
  4017 | D:7      | Found a glowing golden altar of the Shining One.
  4021 | D:7      | Reached * piety under Wu Jian
  4049 | D:7      | Reached skill level 8 in Unarmed Combat
  4273 | D:7      | Noticed a hornet
  4277 | D:7      | Killed a hornet
  4375 | D:8      | Found a runed translucent gate.
  4375 | D:8      | Found a runed translucent gate.
  4375 | D:8      | Noticed a kobold demonologist
  4395 | D:8      | You fall into a shaft and drop 3 floors!
  4413 | D:11     | Noticed a gargoyle
  4421 | D:11     | Killed a gargoyle
  4444 | D:11     | Noticed a skeletal warrior
  4447 | D:11     | Noticed an orc knight
  4454 | D:11     | Noticed a deep elf pyromancer
  4454 | D:11     | Noticed a tengu conjurer
  4755 | D:11     | Noticed an unseen horror
  4762 | D:11     | Killed an unseen horror
  4763 | D:11     | Reached XP level 10. HP: 71/92 MP: 10/10
  4808 | D:10     | Entered Level 10 of the Dungeon
  4818 | D:10     | Reached ** piety under Wu Jian
  5143 | D:8      | Reached skill level 5 in Stealth
  5302 | D:8      | Found a staircase to the Lair.
  5305 | D:8      | Reached skill level 9 in Unarmed Combat
  5558 | D:8      | Found a runed translucent gate.
  5559 | D:8      | Noticed Skitler's ghost (novice GrFi)
  6321 | D:9      | Reached *** piety under Wu Jian
  6961 | D:9      | Noticed an orc sorcerer
  6971 | D:9      | Killed an orc sorcerer
  6972 | D:9      | Reached skill level 5 in Dodging
  6972 | D:9      | Reached skill level 10 in Unarmed Combat
  6972 | D:9      | Reached XP level 11. HP: 75/100 MP: 11/11
  7501 | D:9      | Found a snail-covered altar of Cheibriados.
  7548 | D:9      | Found a shimmering blue altar of Sif Muna.
  7590 | D:10     | Found a hide-covered altar of Uskayaw.
  7612 | D:10     | Reached **** piety under Wu Jian
  7803 | Lair:1   | Entered Level 1 of the Lair of Beasts
  7825 | Lair:1   | Reached skill level 11 in Unarmed Combat
  7825 | Lair:1   | Reached skill level 10 in Shapeshifting
  7838 | Lair:1   | Reached skill level 1 in Evocations
  7964 | Lair:1   | Found a frozen archway.
  7969 | Lair:1   | Slain by an ice devil

Illustrated notes

Levels and vault maps discovered:
D:1:      minmay_arrival_five_plusses, layout_basic, serial_bayou_pond_b
D:2:      layout_basic, serial_shops, shop, wad_orctagon
D:3:      layout_loops_corners
D:4:      layout_loops_cross, mainiacjoe_overflow_catwalk,
          nicolae_hepliaklqana_hippocampus, minmay_temple_entry_waves
D:5:      layout_basic, grunt_temple_overflow_open
D:6:      layout_gridville, mainiacjoe_overflow_alcove_2
D:7:      layout_loops_corners, nicolae_tso_besieged_by_evil,
          old_standard_altar, nicolae_gozag_cash_rules_everything_around_me,
          serial_library_hellmonk_layered_room, kennysheep_small_circle
D:8:      layout_basic, erik_lair_orcish_takeover, gammafunk_ghost_nasty_kobolds
D:9:      cheibrodos_wizards_tower, layout_irregular_city, marbit_many_paths,
          nicolae_sif_muna_little_library, nicolae_fountain_basement
D:10:     layout_cave_pools, mainiacjoe_overflow_catwalk_spiral, orc_0_dummy,
          uniq_fannar
D:11:     layout_loops_ring, minmay_checkerbox
Temple:   hellmonk_temple_beads
Lair:1:   layout_gridlike, portal_ice_cave_demonic_guard, grunt_megastairs_1

Skill      XL: |  1  2  3  4  5  6  7  8  9 10 11 |
---------------+----------------------------------+-----
Stealth        | 1 2 3 4 6 |  6.8
Unarmed Combat | 4 5 6 7 8 10 11 | 11.2
Shapeshifting  | 4 5 6 7 9 10 | 10.1
Fighting       | 3 5 6 7 |  7.0
Dodging        | 2 5 |  5.0
Evocations     | 1 |  1.7

Action                     |  1- 3 |  4- 6 |  7- 9 | 10-12 || total
---------------------------+-------+-------+-------+-------++-------
  Melee: Unarmed           |    77 |   132 |   132 |   391 ||   732
         Punch             |     2 |     3 |     1 |     2 ||     8
         Constrict         |       |       |       |    66 ||    66
 Invoke: Serpent's Lash    |       |       |       |     1 ||     1
Ability: Spit Poison       |    23 |    31 |    16 |     6 ||    76
         Lunge             |       |     4 |     8 |    36 ||    48
         Whirlwind         |       |       |    20 |   105 ||   125
         Wall Jump         |       |       |       |     2 ||     2
  Evoke: Wand              |       |     2 |    20 |     6 ||    28
    Use: Scroll            |       |       |     9 |     4 ||    13
         Potion            |       |       |     3 |     5 ||     8
   Stab: Sleeping          |     3 |       |     1 |     5 ||     9
         Distracted        |       |       |       |     2 ||     2
 Armour: Animal skin       |    36 |    18 |       |       ||    54
         Ice dragon scales |       |    19 |    26 |       ||    45
         Scale mail        |       |       |    13 |       ||    13
         Skin              |       |       |    43 |   242 ||   285
  Dodge: Dodged            |    61 |    71 |    94 |   168 ||   394
   Form: Flux              |       |       |     1 |       ||     1
         Serpent           |       |       |       |     1 ||     1
